 Dungeon Crawl Stone Soup version 0.20.0-15-g7f486f2 (webtiles) character file.

75 robba the Digger (level 4, 0/24 HPs)
             Began as a Deep Elf Earth Elementalist on June 26, 2017.
             Was an Initiate of Vehumet.
             Slain by a giant cockroach (2 damage)
             ... on level 3 of the Dungeon.
             The game lasted 00:20:01 (1455 turns).

robba the Digger (Deep Elf Earth Elementalist)      Turns: 1455, Time: 00:20:02

Health: 0/24       AC:  2    Str: 10    XL:     4   Next: 11%
Magic:  0/11       EV: 12    Int: 21    God:    Vehumet [......]
Gold:   109        SH:  0    Dex: 15    Spells: 2/10 levels left

rFire    + . .     SeeInvis .   c - +1 dagger (venom)
rCold    + . .     Gourm    .   (no shield)
rNeg     . . .     Faith    .   f - +0 robe
rPois    +         Spirit   .   (no helmet)
rElec    +         Reflect  .   (no cloak)
rCorr    +         Harm     .   (no gloves)
MR       .....                  (no boots)
Stlth    ++........             (no amulet)
Regen    0.1/turn               (no ring)
MPRegen  0.2/turn               (no ring)

@: mighty, resistant
A: no striking features
a: Renounce Religion


You were on level 3 of the Dungeon.
You worshipped Vehumet.
Vehumet was noncommittal.
You were hungry.

You visited 1 branch of the dungeon, and saw 3 of its levels.

You collected 109 gold pieces.

Inventory:

Hand Weapons
 c - a +1 dagger of venom (weapon)
 m - a +1 mace of protection
Missiles
 b - 63 stones (quivered)
Armour
 f - a +0 robe (worn)
 g - a +1 ring mail of poison resistance
Scrolls
 a - 3 scrolls of identify
Books
 e - a book of Geomancy

   Spells                             Type                      Level
   a - Sandblast                      Earth                        1
   b - Passwall                       Transmutation/Earth          2
   c - Stone Arrow                    Conjuration/Earth            3
   d - Petrify                        Transmutation/Earth          4
   e - Lee's Rapid Deconstruction     Earth                        5
Comestibles
 d - 2 bread rations
 i - 2 fruits
 k - 4 chunks of flesh


   Skills:
 + Level 0.2(0.1) Short Blades
 + Level 2.8(1.4) Dodging
 + Level 2.6(1.3) Stealth
 + Level 3.9(1.9) Spellcasting
 + Level 1.1(0.5) Transmutations
 + Level 4.7(2.3) Earth Magic


You had 2 spell levels left.
You knew the following spells:

 Your Spells              Type           Power        Failure   Level  Hunger
a - Sandblast             Erth           ##....       5%          1    #......
b - Stone Arrow           Conj/Erth      #.....       26%         3    ###....
c - Petrify               Tmut/Erth      #.......     63%         4    #####..


Dungeon Overview and Level Annotations

Branches:
Dungeon (3/15)

Altars:
Ashenzari
Ru
Vehumet


Message History

* * * LOW HITPOINT WARNING * * *
The giant cockroach bites you.
* * * LOW HITPOINT WARNING * * *
Okay, then.
The giant cockroach barely misses you. x2
The giant cockroach bites you but does no damage.
The dart slug bites you.
* * * LOW HITPOINT WARNING * * *
The giant cockroach bites you but does no damage.
Items here: †††† a rat corpse; a giant cockroach corpse x3
Casting: Sandblast
Confirm with . or Enter, or press ? or * to list all spells.
You don't have enough magic to cast that spell.
The dart slug bites you but does no damage.
You feel mightier all of a sudden. The giant cockroach barely misses you.
The giant cockroach bites you.
* * * LOW HITPOINT WARNING * * *
The giant cockroach closely misses you. The giant cockroach bites you.
You die...

######
##....## #
##.s....##$#
#..sws.....#
#.)@s....#
#..ss....#
#..s..$..#
##....$.##
##....##
######


You could see a dart slug and 7 giant cockroaches.

Vanquished Creatures
  4 adders (D:2)
  3 worms (D:2)
  A dart slug (D:2)
  A bat (D:2)
  7 giant cockroaches
  3 goblins (D:2)
  A hobgoblin (D:2)
  4 kobolds
  4 rats
28 creatures vanquished.

Notes
Turn   | Place    | Note
-------+----------+-------------------------------------------
     0 | D:1      | robba the Deep Elf Earth Elementalist began the quest for the Orb.
     0 | D:1      | Reached XP level 1. HP: 10/10 MP: 6/6
     5 | D:1      | Learned a level 1 spell: Sandblast
   701 | D:2      | Reached XP level 2. HP: 15/15 MP: 4/8
   741 | D:2      | Reached skill level 4 in Earth Magic
   743 | D:2      | Reached XP level 3. HP: 19/19 MP: 2/9
   892 | D:2      | Found a faded altar of an unknown god.
   897 | D:2      | Became a worshipper of Ashenzari the Shackled
   897 | D:2      | Reached * piety under Ashenzari
   996 | D:2      | Learned a level 3 spell: Stone Arrow
  1363 | D:2      | Found a sacrificial altar of Ru.
  1364 | D:2      | Found a radiant altar of Vehumet.
  1394 | D:2      | Fell from the grace of Ashenzari
  1394 | D:2      | Became a worshipper of Vehumet
  1424 | D:2      | Reached XP level 4. HP: 24/24 MP: 9/11
  1430 | D:2      | Learned a level 4 spell: Petrify
  1443 | D:3      | HP: 1/24 [giant cockroach (2)]
  1455 | D:3      | Slain by a giant cockroach

Skill      XL: |  1  2 |
---------------+-------+-----
Earth Magic    | 4 |  4.7
Short Blades   | |  0.2
Dodging        | |  2.8
Stealth        | |  2.6
Spellcasting   | |  3.9
Transmutations | |  1.1

Action                   |  1- 3 |  4- 6 || total
-------------------------+-------+-------++-------
Melee: Short sword       |     2 |       ||     2
       Mace              |     1 |       ||     1
 Cast: Sandblast         |    29 |    13 ||    42
  Use: Scroll            |     8 |       ||     8
       Potion            |     3 |     4 ||     7
  Eat: Chunk             |     1 |       ||     1
Armor: Ring mail         |     1 |       ||     1
       Robe              |       |    29 ||    29
Dodge: Dodged            |     9 |    72 ||    81
